AoeStats
← mofo

MegaRandom

508692898Analyzed
2v2 RM · 10d ago on Sep 23, 2026· 10m 1s· 4 players
Game mode
Random Map
Map size
Medium (4 player)
Population
200
Speed
Normal
Resources
Standard
Victory
Conquest
Starting age
Dark Age
Ending age
Imperial Age
RankedLock teamsTeams togetherTeam positionsShared explorationLock speedFull tech treeHidden civsTurbo modeCheats
Victory
Defeat
🇰🇬 Mongols · Kyrgyzstan
1179
+15
🇰🇬 Jurchens · Kyrgyzstan
1146
+16
🇦🇷 Wu · Argentina
1162
-16
🇵🇪 Koreans · Peru
1146
-15
P_ariss
Marco Aurelio
0:32 Loom
Bubble Kg !
8:46 Feudal Age
10:11 Wheelbarrow
9:22 Loom
10:02 Double-Bit Axe
mofo
5:28 Loom
8:08 Feudal Age
9:58 Man-at-Arms
Connection lost

Rejoining the realm…

Still unreachable

The connection could not be restored.

Session expired

The server has moved on; the page needs a fresh start.